 Dungeon Crawl Stone Soup version 0.29.0-4-gdea44cf6ec (webtiles) character file.

Game seed: 8868778609447993607

3301 qw the Cleaver (level 9, 0/79 HPs)
             Began as a Minotaur Berserker on Sept 9, 2022.
             Was a Priest of Trog.
             Splashed by a jelly's acid (6 damage)
             ... on level 6 of the Dungeon.
             The game lasted 00:02:12 (6288 turns).

qw the Cleaver (Minotaur Berserker)                 Turns: 6288, Time: 00:02:13

Health: 0/79       AC: 11    Str: 25      XL:     9   Next: 70%
Magic:  8/8        EV: 11    Int:  9      God:    Trog [***...]
Gold:   172        SH: 10    Dex: 10 (11) Spells: 8/8 levels left

rFire   . . .      SeeInvis .   Y - +0 war axe
rCold   + + +      Faith    .   l - +0 buckler
rNeg    . . .      Spirit   .   q - +5 ring mail "Vuas" {rC++ Int+5 Slay-2}
rPois   .          Reflect  +   (helmet restricted)
rElec   .          Harm     .   e - +2 cloak
rCorr   .          Rampage  .   d - +0 pair of gloves
Will    .....                   (no boots)
Stlth   ..........              h - amulet of reflection
HPRegen 0.23/turn               i - ring of protection from cold
MPRegen 0.11/turn               (no ring)

@: corroded, on berserk cooldown, slowed, very slow
A: horns 2, retaliatory headbutt
a: Renounce Religion, Berserk, Trog's Hand


You were on level 6 of the Dungeon.
You worshipped Trog.
Trog was most pleased with you.
You visited 1 branch of the dungeon, and saw 6 of its levels.

You collected 239 gold pieces.
You spent 67 gold pieces at shops.


Innate Abilities, Weirdness & Mutations

You have a pair of horns on your head.
You reflexively headbutt those who attack you in melee.


   Skills:
 - Level 7.1 Fighting
 + Level 12.7 Axes
 - Level 1.7 Throwing
 - Level 5.0 Armour
 - Level 3.2 Dodging
 - Level 6.8 Shields


You had 8 spell levels left.
You didn't know any spells.
Your spell library was empty.

Inventory:

Hand Weapons
 f - a +0 morningstar
 Y - a +0 war axe (weapon)
Armour
 d - a +0 pair of gloves (worn)
 e - a +2 cloak (worn)
 l - a +0 buckler (worn)
 n - a +0 chain mail
 q - the +5 ring mail "Vuas" (worn) {rC++ Int+5 Slay-2}
   (You found it on level 5 of the Dungeon)

   Int:       It affects your intelligence (+5).
   Slay:      It affects your accuracy & damage with ranged weapons and melee
   (-2).
   rC:        It greatly protects you from cold.
Jewellery
 h - an amulet of reflection (around neck)
 i - a ring of protection from cold (left hand)
Scrolls
 a - a scroll of identify
Potions
 b - a potion of mutation
 c - 2 potions of curing
 g - a potion of haste {unknown}
 j - a potion of resistance
 p - a potion of might

Dungeon Overview and Level Annotations

Branches:
Dungeon (6/15)             Temple (0/1) D:5

Altars:
Dithmenos
Gozag
Nemelex Xobeh
Uskayaw
The Shining One

Shops:
D:2 (   D:5 [

Annotations:
D:6 2 runed translucent doors


Message History

You hit the gnoll.
The gnoll is almost dead.
You recover from your berserk rage.
You block the gnoll's attack. x2; The gnoll barely misses you.
6270 ||| INVOKING Berserk.
A red film seems to cover your vision as you go berserk!
You feel yourself moving faster!
You feel mighty! You block the gnoll's attack.
The gnoll hits you from afar with a +0 spear.
The gnoll hits you with a +0 hand axe.
You closely miss the gnoll. Your headbutt misses the gnoll.
The gnoll is almost dead.
You block the gnoll's attack. The gnoll hits you but does no damage.
You block the gnoll's attack.
You slice the gnoll!!
You kill the gnoll!
Trog accepts your kill. You block the gnoll's attack.
The gnoll barely misses you.
You slash the gnoll!
You kill the gnoll!
Trog accepts your kill.
You barely miss the gnoll. You block the gnoll's attack.
You slice the gnoll!!
You kill the gnoll!
Trog accepts your kill.
You start resting.
You feel a strong urge to attack something.
You feel your anger nearly subside.
You are no longer berserk.
You are exhausted.
You feel yourself slow down.
A jelly comes into view.
The jelly quivers.
You slash the jelly! The acid corrodes you!
Your hands burn!
The jelly is almost dead.
The jelly hits you but does no damage. x2
You hit the jelly.
Your hands burn!
The jelly is almost dead.
The jelly hits you.
You are splashed with acid.
You die...

... #.........
....#+#.)........
................
..##............
#...)........
#..............
##.........####
#.#....)..#
........J@)#####
###.............#
#.............#
.............# ~
#...............
~~
##...)..........
~~
#..............
~~
#..............
..
#..............


You could see a jelly.

Vanquished Creatures
  A two-headed ogre (D:6)
  Grinder (D:3)
  Sigmund (D:2)
  Duvessa (D:5)
  An ice beast (D:6)
  2 black bears
  4 ogres
  2 phantoms
  A centaur (D:5)
  3 necrophages
  5 scorpions
  Dowan (D:5)
  A howler monkey (D:6)
  An electric eel (D:6)
  6 orc priests
  5 hounds
  Jessica (D:3)
  3 iguanas
  Ijyb (D:3)
  3 orc wizards
  8 gnolls
  11 adders
  An ufetubus (D:4)
  A worm (D:5)
  5 dart slugs
  19 orcs
  A ball python (D:1)
  9 bats
  8 endoplasms
  A giant cockroach (D:2)
  3 goblins
  8 hobgoblins
  2 jackals (D:3)
  3 kobolds
  5 quokkas
  3 frilled lizards
  9 rats
141 creatures vanquished.

Notes
Turn   | Place    | Note
-------+----------+-------------------------------------------
     0 | D:1      | qw the Minotaur Berserker began the quest for the Orb.
     0 | D:1      | Reached XP level 1. HP: 19/19 MP: 0/0
     0 | D:1      | 0 ||| qw: Version: 0.1-a-113-g051387a
     0 | D:1      | 0 ||| qw: Game counter: 6978
     0 | D:1      | 0 ||| qw: Always use a shield: true
     0 | D:1      | 0 ||| qw: Do Orc after D:15 true
     0 | D:1      | 0 ||| qw: Do second Lair branch before Depths: true
     0 | D:1      | 0 ||| qw: Lair rune preference: random
     0 | D:1      | 0 ||| qw: Plans: Normal
     0 | D:1      | 0 ||| PLANNING D:1-11
   144 | D:1      | Reached skill level 4 in Axes
   325 | D:1      | Reached XP level 2. HP: 26/26 MP: 1/1
   820 | D:1      | 820 ||| UPGRADING to +0 pair of gloves.
   825 | D:1      | 825 ||| UPGRADING to +2 cloak.
   830 | D:1      | 830 ||| DROPPING scarf of harm.
   831 | D:1      | 831 ||| READING 2 scrolls labelled UFOSAKHEIG.
   924 | D:2      | Reached skill level 5 in Axes
   924 | D:2      | Reached XP level 3. HP: 31/31 MP: 2/2
   970 | D:2      | Found Afaymimo's Antique Weapon Shop.
   973 | D:2      | 973 ||| Stepping ~*~*~tactically~*~*~ (stealth).
  1039 | D:2      | 1039 ||| SHOPLISTING flail (108 gold, have 47).
  1039 | D:2      | 1039 ||| SHOPLISTING glowing morningstar (217 gold, have
                  | 47).
  1054 | D:2      | 1054 ||| Stepping ~*~*~tactically~*~*~ (stealth).
  1055 | D:2      | 1055 ||| Stepping ~*~*~tactically~*~*~ (stealth).
  1072 | D:2      | Reached ** piety under Trog
  1080 | D:2      | 1080 ||| Stepping ~*~*~tactically~*~*~ (stealth).
  1082 | D:2      | 1082 ||| Stepping ~*~*~tactically~*~*~ (stealth).
  1281 | D:2      | 1281 ||| Stepping ~*~*~tactically~*~*~ (hiding).
  1416 | D:2      | Found a sparkling altar of Nemelex Xobeh.
  1450 | D:2      | Noticed Sigmund
  1451 | D:2      | 1451 ||| Stepping ~*~*~tactically~*~*~ (hiding).
  1555 | D:2      | 1555 ||| INVOKING Berserk.
  1561 | D:2      | Killed Sigmund
  1562 | D:2      | Reached skill level 7 in Axes
  1562 | D:2      | Reached XP level 4. HP: 37/39 MP: 3/3
  1562 | D:2      | Reached XP level 5. HP: 43/45 MP: 4/4
  1574 | D:2      | 1574 ||| Stepping ~*~*~tactically~*~*~ (stealth).
  1578 | D:2      | 1578 ||| Stepping ~*~*~tactically~*~*~ (stealth).
  1579 | D:2      | 1579 ||| Stepping ~*~*~tactically~*~*~ (stealth).
  1580 | D:2      | 1580 ||| Stepping ~*~*~tactically~*~*~ (stealth).
  1838 | D:2      | 1838 ||| UPGRADING to +0 chain mail.
  1848 | D:2      | 1848 ||| DROPPING +0 animal skin.
  1849 | D:2      | 1849 ||| READING scroll labelled SONOAJ YXENK.
  1850 | D:2      | 1850 ||| READING scroll labelled VISEPN BEEHUAC.
  1853 | D:2      | 1853 ||| READING scroll labelled YSMIGI AWOLYO.
  1854 | D:2      | 1854 ||| READING scroll labelled SAXALE NOACK.
  1855 | D:2      | 1855 ||| READING scroll labelled HOISHEDWIUMO.
  1856 | D:2      | 1856 ||| READING 3 scrolls of identify.
  1856 | D:2      | 1856 ||| IDENTIFYING clear potion
  1857 | D:2      | 1857 ||| READING 2 scrolls of identify.
  1857 | D:2      | 1857 ||| IDENTIFYING murky blue potion
  1858 | D:2      | 1858 ||| DROPPING potion of flight.
  1859 | D:2      | 1859 ||| DROPPING potion of lignification.
  1898 | D:3      | Noticed Jessica
  1898 | D:3      | Noticed Grinder
  1899 | D:3      | 1899 ||| Stepping ~*~*~tactically~*~*~ (hiding).
  1900 | D:3      | 1900 ||| INVOKING Trog's Hand.
  1901 | D:3      | 1901 ||| INVOKING Berserk.
  1906 | D:3      | Killed Grinder
  1907 | D:3      | Reached skill level 6 in Fighting
  1907 | D:3      | Reached XP level 6. HP: 57/57 MP: 5/5
  1908 | D:3      | Killed Jessica
  1913 | D:3      | 1913 ||| Stepping ~*~*~tactically~*~*~ (stealth).
  1914 | D:3      | 1914 ||| Stepping ~*~*~tactically~*~*~ (hiding).
  1921 | D:3      | Reached skill level 8 in Axes
  2186 | D:3      | Found a shadowy altar of Dithmenos.
  2332 | D:3      | Noticed Ijyb
  2333 | D:3      | 2333 ||| Stepping ~*~*~tactically~*~*~ (stealth).
  2335 | D:3      | 2335 ||| Stepping ~*~*~tactically~*~*~ (hiding).
  2336 | D:3      | 2336 ||| Stepping ~*~*~tactically~*~*~ (hiding).
  2337 | D:3      | 2337 ||| Stepping ~*~*~tactically~*~*~ (hiding).
  2338 | D:3      | 2338 ||| Stepping ~*~*~tactically~*~*~ (hiding).
  2339 | D:3      | 2339 ||| Stepping ~*~*~tactically~*~*~ (hiding).
  2343 | D:3      | 2343 ||| INVOKING Berserk.
  2344 | D:3      | 2344 ||| INVOKING Berserk.
  2347 | D:3      | Killed Ijyb
  2348 | D:3      | Reached skill level 3 in Armour
  2578 | D:3      | 2578 ||| Stepping ~*~*~tactically~*~*~ (stealth).
  2579 | D:3      | 2579 ||| Stepping ~*~*~tactically~*~*~ (stealth).
  2580 | D:3      | 2580 ||| Stepping ~*~*~tactically~*~*~ (stealth).
  2581 | D:3      | 2581 ||| Stepping ~*~*~tactically~*~*~ (stealth).
  2582 | D:3      | 2582 ||| Stepping ~*~*~tactically~*~*~ (stealth).
  2583 | D:3      | 2583 ||| Stepping ~*~*~tactically~*~*~ (stealth).
  2589 | D:3      | 2589 ||| Stepping ~*~*~tactically~*~*~ (stealth).
  2645 | D:3      | Reached XP level 7. HP: 60/63 MP: 6/6
  2730 | D:3      | 2730 ||| READING scroll labelled YMNOSI VOSI.
  2731 | D:3      | 2731 ||| READING scroll labelled TUMEWK MORGHY.
  2732 | D:3      | 2732 ||| READING 3 scrolls of identify.
  2732 | D:3      | 2732 ||| IDENTIFYING grey potion
  2733 | D:3      | 2733 ||| READING 2 scrolls of identify.
  2733 | D:3      | 2733 ||| IDENTIFYING sedimented pink potion
  2734 | D:3      | 2734 ||| DROPPING potion of brilliance.
  2757 | D:4      | 2757 ||| STAIRDANCE
  2759 | D:3      | 2759 ||| INVOKING Berserk.
  2884 | D:3      | 2884 ||| DROPPING +0 whip.
  2888 | D:4      | 2888 ||| STAIRDANCE
  2937 | D:4      | 2937 ||| STAIRDANCE
  2939 | D:3      | 2939 ||| INVOKING Berserk.
  3068 | D:4      | 3068 ||| DRINKING potion of curing.
  3068 | D:4      | 3068 ||| (to cure confusion)
  3071 | D:4      | 3071 ||| STAIRDANCE
  3161 | D:4      | Reached skill level 9 in Axes
  3239 | D:4      | 3239 ||| Stepping ~*~*~tactically~*~*~ (hiding).
  3243 | D:4      | 3243 ||| INVOKING Berserk.
  3387 | D:4      | 3387 ||| INVOKING Berserk.
  3451 | D:4      | 3451 ||| Stepping ~*~*~tactically~*~*~ (hiding).
  3453 | D:4      | 3453 ||| INVOKING Berserk.
  3481 | D:4      | 3481 ||| FLEEEEING.
  3482 | D:4      | 3482 ||| STAIRDANCE
  3586 | D:3      | 3586 ||| READING scroll labelled BYIXOU NAVIRCHI.
  3587 | D:3      | 3587 ||| DRINKING 2 silvery potions.
  3595 | D:4      | Reached skill level 10 in Axes
  3626 | D:4      | 3626 ||| Stepping ~*~*~tactically~*~*~ (stealth).
  3669 | D:4      | 3669 ||| DROPPING +0 flail.
  3754 | D:4      | Reached skill level 1 in Throwing
  3834 | D:4      | 3834 ||| INVOKING Berserk.
  3838 | D:4      | Reached XP level 8. HP: 45/70 MP: 7/7
  4136 | D:4      | Found an opulent altar of Gozag.
  4162 | D:4      | Found a hide-covered altar of Uskayaw.
  4209 | D:4      | Found a glowing golden altar of the Shining One.
  4335 | D:4      | 4335 ||| INVOKING Berserk.
  4525 | D:4      | 4525 ||| UPGRADING to amulet of reflection.
  4559 | D:5      | Entered Level 5 of the Dungeon
  4559 | D:5      | Found a staircase to the Ecumenical Temple.
  4611 | D:5      | 4611 ||| INVOKING Berserk.
  4752 | D:5      | Noticed Dowan
  4753 | D:5      | 4753 ||| Stepping ~*~*~tactically~*~*~ (hiding).
  4755 | D:5      | 4755 ||| Stepping ~*~*~tactically~*~*~ (hiding).
  4758 | D:5      | 4758 ||| INVOKING Berserk.
  4760 | D:5      | Killed Dowan
  4761 | D:5      | Reached skill level 11 in Axes
  4809 | D:5      | Noticed Duvessa
  4810 | D:5      | 4810 ||| Stepping ~*~*~tactically~*~*~ (stealth).
  4812 | D:5      | 4812 ||| Stepping ~*~*~tactically~*~*~ (stealth).
  4814 | D:5      | 4814 ||| INVOKING Berserk.
  4820 | D:5      | Killed Duvessa
  4986 | D:5      | 4986 ||| Stepping ~*~*~tactically~*~*~ (stealth).
  4996 | D:5      | Reached skill level 12 in Axes
  5151 | D:5      | Reached *** piety under Trog
  5279 | D:5      | Reached XP level 9. HP: 74/79 MP: 8/8
  5385 | D:5      | Found Aruucsasij's Armour Shoppe.
  5389 | D:5      | 5389 ||| INVOKING Berserk.
  5510 | D:5      | 5510 ||| SWAPPING to +0 war axe.
  5511 | D:5      | 5511 ||| DROPPING +1 hand axe.
  5515 | D:5      | 5515 ||| BUYING +0 buckler (67 gold).
  5515 | D:5      | Bought a +0 buckler for 67 gold pieces
  5515 | D:5      | 5515 ||| SHOPLISTING +0 ice dragon scales (900 gold, have
                  | 166).
  5515 | D:5      | 5515 ||| SHOPLISTING +0 plate armour (345 gold, have 166).
  5515 | D:5      | 5515 ||| SHOPLISTING +2 chain mail of cold resistance (322
                  | gold, have 166).
  5515 | D:5      | 5515 ||| SHOPLISTING +5 scale mail of the Guilds {Contam
                  | rF+ rCorr} (645 gold, have 166).
  5657 | D:5      | Identified the +5 ring mail "Vuas" {rC++ Int+5 Slay-2}
  5900 | D:5      | 5900 ||| UPGRADING to +0 buckler.
  5905 | D:5      | 5905 ||| UPGRADING to +5 ring mail "Vuas" {rC++ Int+5
                  | Slay-2}.
  5915 | D:5      | 5915 ||| UPGRADING to ring of protection from cold.
  5916 | D:5      | 5916 ||| READING scroll labelled GEZIDOE GUGO.
  5917 | D:5      | 5917 ||| DRINKING 2 murky golden potions.
  5918 | D:5      | 5918 ||| DRINKING 2 coppery potions.
  5919 | D:5      | 5919 ||| READING 3 scrolls of identify.
  5919 | D:5      | 5919 ||| IDENTIFYING blue potion
  5920 | D:5      | 5920 ||| READING 2 scrolls of identify.
  5920 | D:5      | 5920 ||| IDENTIFYING black potion
  5921 | D:5      | 5921 ||| DROPPING potion of degeneration.
  5962 | D:6      | Found a runed translucent gate.
  5962 | D:6      | Found a runed translucent gate.
  5972 | D:6      | 5972 ||| Stepping ~*~*~tactically~*~*~ (stealth).
  5984 | D:6      | Reached skill level 1 in Shields
  6087 | D:6      | 6087 ||| INVOKING Berserk.
  6094 | D:6      | Reached skill level 3 in Shields
  6212 | D:6      | Noticed a manticore
  6212 | D:6      | Noticed a two-headed ogre
  6213 | D:6      | 6213 ||| INVOKING Berserk.
  6227 | D:6      | Killed a two-headed ogre
  6228 | D:6      | Reached skill level 6 in Shields
  6231 | D:6      | HP: 17/79 [manticore (15)]
  6232 | D:6      | 6232 ||| READING scroll of teleportation.
  6232 | D:6      | HP: 7/79 [manticore (10)]
  6233 | D:6      | 6233 ||| DRINKING potion of heal wounds.
  6238 | D:6      | HP: 11/79 [howler monkey (1)]
  6251 | D:6      | Reached skill level 3 in Dodging
  6262 | D:6      | HP: 12/79 [phantom (6)]
  6270 | D:6      | 6270 ||| INVOKING Berserk.
  6270 | D:6      | HP: 19/118 [gnoll/+0 spear (2)]
  6287 | D:6      | HP: 9/79 [acid (3)]
  6288 | D:6      | Splashed by a jelly's acid

Levels and vault maps discovered:
D:1:      ncdulo_smallfort, layout_loops_ring, minmay_misc_feat_pillars
D:2:      layout_basic, basic_altar, serial_shops, shop, uniq_sigmund
D:3:      layout_basic, nicolae_dithmenos_shadow_blocks, uniq_ijyb,
          uniq_jessica, uniq_grinder
D:4:      layout_loops_ring, minitemple
D:5:      layout_cave_pods, minmay_temple_entry_butterflies, serial_shops,
          nicolae_shop_stone, eino_small_chamber_without_monster,
          minmay_fractal_squares_5, uniq_duvessa
D:6:      kennysheep_big_flooded_room, layout_basic,
          mainiacjoe_overflow_surrounded_room, gammafunk_ghost_necromancy,
          chequers_serial_rivers_micro_c

Skill      XL: |  1  2  3  4  5  6  7  8  9 |
---------------+----------------------------+-----
Axes           | 4 5 7 8 10 12 | 12.7
Fighting       | 6 7 |  7.1
Armour         | 3 5 |  5.0
Throwing       | 1 |  1.7
Shields        | 6 |  6.8
Dodging        | 3 |  3.2

Action                   |  1- 3 |  4- 6 |  7- 9 || total
-------------------------+-------+-------+-------++-------
Melee: Hand axe          |    86 |    50 |   168 ||   304
       Headbutt          |    14 |     9 |    36 ||    59
       Punch             |     2 |     1 |       ||     3
       War axe           |       |       |    61 ||    61
Throw: Boomerang         |       |       |    31 ||    31
Invok: Berserk           |     1 |     2 |    14 ||    17
       Trog's Hand       |       |     1 |       ||     1
  Use: Scroll            |     1 |     7 |     9 ||    17
       Potion            |       |       |     5 ||     5
Armor: Animal skin       |    18 |     2 |       ||    20
       Chain mail        |       |    15 |    66 ||    81
       Ring mail         |       |       |    22 ||    22
Dodge: Dodged            |    51 |    16 |    66 ||   133
Block: Other             |       |       |    14 ||    14
       Buckler           |       |       |    40 ||    40

Table legend:
 A = Non-vault XP
 B = Vault XP
 C = Vault XP percentage of total XP
 D = Non-vault monster count
 E = Vault monster count
 F = Vault count percentage of total count
                 A         B        C        D         E       F
            +---------+---------+-------+---------+---------+-------
      Total |    2940 |    1777 |  37.7 |     131 |      10 |   7.1
            +---------+---------+-------+---------+---------+-------
        D:1 |      28 |       0 |   0.0 |      16 |       0 |   0.0
        D:2 |      84 |     223 |  72.6 |      21 |       1 |   4.5
        D:3 |     185 |     354 |  65.7 |      24 |       3 |  11.1
        D:4 |     871 |       0 |   0.0 |      32 |       0 |   0.0
        D:5 |     962 |     345 |  26.4 |      23 |       5 |  17.9
        D:6 |     810 |     855 |  51.4 |      15 |       1 |   6.2
            +---------+---------+-------+---------+---------+-------
